 Dungeon Crawl Stone Soup version 0.29-a0-303-ge4682ce883 (webtiles) character file.

Game seed: 4122954517588258449

70 kae the Firebug (level 4, -3/25 HPs)
             Began as a Tengu Fire Elementalist on Mar 25, 2022.
             Slain by an orc
             ... wielding a +0 whip
              (4 damage)
             ... on level 3 of the Dungeon.
             The game lasted 00:01:09 (2048 turns).

kae the Firebug (Tengu Fire Elementalist)           Turns: 2048, Time: 00:01:09

Health: -3/25      AC:  2    Str:  8    XL:     4   Next: 22%
Magic:  3/8        EV: 12    Int: 18    God:
Gold:   99         SH:  5    Dex: 14    Spells: 4/7 levels left

rFire   . . .      SeeInvis .   h - +4 dagger (venom)
rCold   . . .      Faith    .   (no shield)
rNeg    . . .      Spirit   .   a - +0 robe
rPois   .          Reflect  +   (helmet restricted)
rElec   .          Harm     .   (no cloak)
rCorr   .          Rampage  .   (no gloves)
Will    .....                   (boots unavailable)
Stlth   ++........              f - amulet of reflection
HPRegen 0.08/turn               (no ring)
MPRegen 0.11/turn               (no ring)

@: attractive
A: beak, talons 3
a: no special abilities


You were on level 3 of the Dungeon.
You visited 1 branch of the dungeon, and saw 3 of its levels.

You collected 99 gold pieces.

Inventory:

Hand Weapons
 h - a +4 dagger of venom (weapon)
Armour
 a - a +0 robe (worn)
Jewellery
 d - a +6 ring of strength
 f - an amulet of reflection (around neck)
 j - a ring of fire
Wands
 l - a wand of acid (13)
Scrolls
 c - a scroll of identify {unknown}
 e - a scroll of noise {unknown}
 i - 2 scrolls of enchant armour {unknown}
 m - a scroll of vulnerability {unknown}
 o - a scroll of torment {unknown}
 p - a scroll of immolation {unknown}
Potions
 b - a potion of magic
 g - a potion of flight {unknown}
 k - a potion of attraction
 n - a potion of curing {unknown}


   Skills:
 + Level 1.2 Fighting
 + Level 2.7 Dodging
 - Level 2.0 Stealth
 + Level 2.4 Spellcasting
 + Level 2.3 Conjurations
 * Level 4.1 Fire Magic


You had 4 spell levels left.
You knew the following spells:

 Your Spells              Type           Power      Damage    Failure   Level
a - Foxfire               Conj/Fire      52%        2x1d6     4%          1
b - Scorch                Fire           34%        2d7       4%          2

Your spell library contained the following spells:

 Spells                   Type           Power      Damage    Failure   Level
 Conjure Flame            Conj/Fire      13%        6-21      14%         3
 Inner Flame              Hex/Fire       9%         N/A       22%         3
 Flame Wave               Conj/Fire      13%        2d6       41%         4


Dungeon Overview and Level Annotations

Branches:
Dungeon (3/15)

Altars:
Sif Muna
Xom


Innate Abilities, Weirdness & Mutations

You have a beak for a mouth.
You have claws for feet.


Message History

The orc hits you with a +0 club. You block the orc wizard's attack.
Casting: Foxfire (safe; 4% risk of failure)
Confirm with . or Enter, or press ? or * to list all spells.
You conjure some foxfire!
The orc completely misses you.
The orc wizard hits you but does no damage.
The orc barely misses you.
The foxfire hits the orc wizard but does no damage.
The orc wizard is moderately wounded.
The foxfire hits the orc.
The orc is heavily wounded.
The orc hits you with a +0 club. The orc barely misses you.
The orc wizard hits you with a +0 dagger.
The orc wizard casts a spell at you. The magic dart hits you.
You hit the orc wizard. Your kick misses the orc wizard.
Your peck misses the orc wizard.
The orc wizard is heavily wounded.
The orc hits you but does no damage. The orc closely misses you.
The orc wizard hits you with a +0 dagger.
Your magical contamination has completely faded away.
You barely miss the orc wizard. Your kick misses the orc wizard.
Your peck misses the orc wizard.
The orc wizard is heavily wounded.
The orc hits you with a +0 club.
* * * LOW HITPOINT WARNING * * *
The orc barely misses you.
The orc wizard hits you with a +0 dagger.
* * * LOW HITPOINT WARNING * * *
You hit the orc wizard.
The orc wizard is poisoned.
Your punch misses the orc wizard.
The orc wizard is severely wounded.
The orc hits you with a +0 club.
* * * LOW HITPOINT WARNING * * *
The orc wizard hits you with a +0 dagger.
* * * LOW HITPOINT WARNING * * *
The orc misses you.
It was a potion of attraction.
You feel attractive to monsters. The orc misses you.
The orc hits you with a +0 whip.
You die...

##.##..## .#
##...##..#
...##.....##.#
#.#.......#.#
...).._...).+
#.......###
##..o..##
##ooo## ##@##
#..# .....
###.### .# .#
.# ..


You could see an orc wizard (very poisoned) and 3 orcs.

Vanquished Creatures
  An adder (D:2)
  A worm (D:2)
  4 dart slugs
  An orc (D:3)
  6 bats
  7 endoplasms
  A giant cockroach (D:1)
  3 hobgoblins
  3 quokkas
  2 ball pythons
  A frilled lizard (D:1)
  5 goblins
  4 kobolds
  6 rats
45 creatures vanquished.

Vanquished Creatures (others)
  146 foxfires
  5 toadstools (D:1)
151 creatures vanquished.

Grand Total: 196 creatures vanquished

Notes
Turn   | Place    | Note
-------+----------+-------------------------------------------
     0 | D:1      | kae the Tengu Fire Elementalist began the quest for the
                  | Orb.
     0 | D:1      | Reached XP level 1. HP: 10/10 MP: 4/4
   137 | D:1      | Found a faded altar of an unknown god.
   231 | D:1      | Reached XP level 2. HP: 12/16 MP: 3/6
   239 | D:1      | Learned a level 2 spell: Scorch
   888 | D:2      | Reached XP level 3. HP: 18/20 MP: 7/7
  1075 | D:2      | Reached skill level 1 in Fighting
  1325 | D:2      | Reached skill level 4 in Fire Magic
  1413 | D:2      | Reached XP level 4. HP: 25/25 MP: 2/8
  1507 | D:2      | You fall into a shaft and drop 1 floor!
  1631 | D:3      | Found a shimmering blue altar of Sif Muna.
  1993 | D:3      | Found a shimmering altar of Xom.
  2047 | D:3      | HP: 1/25 [orc wizard/+0 dagger (2)]
  2048 | D:3      | Slain by an orc

Illustrated notes

Levels and vault maps discovered:
D:1:      ldierk_walled_garden, layout_loops_cross,
          hellmonk_ecumenical_altar_run_dry
D:2:      layout_rooms, serial_rivers, chequers_serial_rivers_small_3,
          chequers_serial_rivers_micro_b, chequers_serial_rivers_room_b,
          chequers_serial_rivers_room_b, chequers_serial_rivers_micro_c
D:3:      layout_basic, lemuel_round_altar, mainiacjoe_overflow_24_doors,
          corner_web_ring, dk_noncrumbling_4, minmay_misc_feat_tower,
          minivault_26, kennysheep_big_empty_room

Skill      XL: |  1  2  3 |
---------------+----------+-----
Conjurations   | 2 |  2.3
Fighting       | 1 |  1.2
Fire Magic     | 4 |  4.1
Dodging        | |  2.7
Stealth        | |  2.0
Spellcasting   | |  2.4

Action                   |  1- 3 |  4- 6 || total
-------------------------+-------+-------++-------
Melee: Dagger            |    13 |     4 ||    17
       Peck              |     2 |       ||     2
 Cast: Foxfire           |    60 |    25 ||    85
  Use: Potion            |       |     1 ||     1
Armor: Robe              |     3 |     3 ||     6
Dodge: Dodged            |    19 |    12 ||    31
Block: Other             |     5 |     2 ||     7

Table legend: (Time is in decaauts)
 A = Elapsed time spent in this place.
 B = Non-inter-level travel time spent in this place.
 C = Inter-level travel time spent in this place.
 D = Time resting spent in this place.
 E = Time spent auto-exploring this place.
 F = Levels seen in this place.
 G = Mean time per level.
                   A        B        C        D        E       F      G
               +--------+--------+--------+--------+--------+-----+--------+
         Total |   2057 |   2039 |     18 |      0 |   1724 |   3 |  685.7 |
       Dungeon |   2057 |   2039 |     18 |      0 |   1724 |   3 |  685.7 |
               +--------+--------+--------+--------+--------+-----+--------+

Top non-repeatable levels by time:
     D:1: 871 daAuts
     D:2: 645 daAuts
     D:3: 540 daAuts
